 Dungeon Crawl Stone Soup version 0.26-a0-937-g67df3f2acb (console) character file.

Game seed: 5625043756391675626

351 Gather the Conjurer (level 6, -7/32 HPs)
             Began as a Kobold Conjurer on Nov 26, 2020.
             Shot with an arrow by a centaur (13 damage)
             ... on level 5 of the Dungeon on Nov 27, 2020.
             The game lasted 00:17:11 (3342 turns).

Gather the Conjurer (Kobold Conjurer)               Turns: 3342, Time: 00:17:12

Health: -7/32      AC:  5    Str:  5    XL:     6   Next: 93%
Magic:  9/9        EV: 15    Int: 21    God:
Gold:   97         SH:  0    Dex: 13    Spells: 3/9 levels left

rFire    . . .     SeeInvis .   c - +0 short sword
rCold    . . .     Faith    .   (shield restricted)
rNeg     . . .     Spirit   .   a - +0 robe
rPois    .         Reflect  .   j - +2 helmet
rElec    .         Harm     .   (no cloak)
rCorr    .         Rampage  .   (no gloves)
MR       .....                  (no boots)
Stlth    ++........             (no amulet)
HPRegen  0.10/turn              (no ring)
MPRegen  0.11/turn              (no ring)

@: confused, flying
A: small, nightstalker 3
a: no special abilities


You were on level 5 of the Dungeon.
You visited 1 branch of the dungeon, and saw 5 of its levels.

You collected 97 gold pieces.

Inventory:

Hand Weapons
 c - a +0 short sword (weapon)
Missiles
 b - 116 stones
Armour
 a - a +0 robe (worn)
 j - a +2 helmet (worn)
Wands
 g - a wand of polymorph (3)
Scrolls
 i - a scroll of immolation {unknown}
 l - a scroll of identify {unknown}
Potions
 f - a potion of might


   Skills:
 - Level 2.6 Short Blades
 - Level 2.4 Dodging
 - Level 2.6 Stealth
 - Level 2.1 Spellcasting
 + Level 6.9 Conjurations
 - Level 2.1 Hexes


You had 3 spell levels left.
You knew the following spells:

 Your Spells              Type           Power        Failure   Level
a - Magic Dart            Conj           ####         1%          1
b - Searing Ray           Conj           ####..       1%          2
d - Dazzling Flash        Conj/Hex       ###...       7%          3

Your spell library contained the following spells:

 Spells                   Type           Power        Failure   Level
 Fulminant Prism          Conj/Hex       ###.......   22%         4
 Iskenderun's Mystic Bla  Conj/Tloc      ###.....     34%         4


Dungeon Overview and Level Annotations

Branches:
Dungeon (5/15)
 Temple: D:4-7

Altars:
Kikubaaqudgha
Vehumet
Xom

Shops:
D:4 ?


Innate Abilities, Weirdness & Mutations

You are small and have problems with some larger weapons.
You are completely attuned to the shadows.


Message History

The searing ray hits the adder!
You kill the adder!
The centaur shoots an arrow.
The arrow closely misses you.
The centaur shoots an arrow.
The arrow hits you!
The centaur unwields a +0 shortbow.
The centaur hits you. The phantom hits you!
* * * LOW HITPOINT WARNING * * *
Things that are here:
an adder corpse; a ball python corpse It was a potion of flight.
You feel very buoyant.
You fly up into the air.
The centaur hits you but does no damage.
The phantom misses you. The centaur barely misses you.
It was a potion of ambrosia.
You are confused.
You feel invigorated.
The phantom blinks!
The centaur hits you!
* * * LOW HITPOINT WARNING * * *
The centaur wields a +0 shortbow.
The centaur shoots an arrow.
The arrow hits you.
* * * LOW HITPOINT WARNING * * *
The centaur shoots an arrow.
The arrow hits you!
You die...

#.# #.# #.# #.#.#######
#.#.##).... #.#.##.....
###.#.##..........._.
.......'.......>........
##.)####..............(_
#..# #................
#..# #........@.W.....
#..# #...........c....
#..# #......."..†#..._
##..# #........(§.###..
....# #.......(...# #
#...#
##################.
....# #.............
....# ###.#######.####
....# #...# #.#
....#######.### #.#
............# #.#


You could see a phantom and a centaur.

Vanquished Creatures
  An ogre (D:5)
  An orc priest (D:4)
  Natasha (twice) (D:2)
  12 gnolls
  2 adders
  An ufetubus (D:5)
  2 worms (D:2)
  2 dart slugs (D:1)
  A leopard gecko (D:2)
  2 ball pythons
  10 bats
  A giant cockroach (D:1)
  4 goblins
  A hobgoblin (D:1)
  6 kobolds
  A quokka (D:3)
  4 frilled lizards
  A jackal zombie (D:5)
  3 rats
57 creatures vanquished.

Notes
Turn   | Place    | Note
-------+----------+-------------------------------------------
     0 | D:1      | Gather the Kobold Conjurer began the quest for the Orb.
     0 | D:1      | Reached XP level 1. HP: 10/10 MP: 3/3
     6 | D:1      | Learned a level 1 spell: Magic Dart
   411 | D:1      | Reached XP level 2. HP: 15/15 MP: 5/5
   414 | D:1      | Learned a level 2 spell: Searing Ray
   679 | D:1      | Reached XP level 3. HP: 19/19 MP: 0/6
   739 | D:1      | Learned a level 3 spell: Dazzling Flash
   917 | D:2      | Reached skill level 1 in Hexes
  1152 | D:2      | Reached skill level 1 in Short Blades
  1356 | D:2      | Found an ancient bone altar of Kikubaaqudgha.
  1365 | D:2      | Noticed Natasha
  1372 | D:2      | Killed Natasha
  1373 | D:2      | Reached XP level 4. HP: 16/24 MP: 2/7
  1757 | D:2      | Reached XP level 5. HP: 28/28 MP: 3/8
  1998 | D:2      | Reached skill level 5 in Conjurations
  2284 | D:2      | Noticed Natasha
  2352 | D:2      | Upgraded the game from 0.26-a0-926-g43279f1ce9 to
                  | 0.26-a0-937-g67df3f2acb
  2361 | D:2      | Killed Natasha
  2563 | D:3      | Reached XP level 6. HP: 32/32 MP: 5/9
  2566 | D:3      | Reached skill level 6 in Conjurations
  2596 | D:4      | Found Hokekaf's Magic Scroll Boutique.
  2991 | D:3      | You fall into a shaft and drop 2 floors!
  2991 | D:5      | Entered Level 5 of the Dungeon
  2991 | D:5      | Noticed an ogre
  2998 | D:5      | Killed an ogre
  3194 | D:5      | Noticed a phantom
  3298 | D:5      | Found a radiant altar of Vehumet.
  3327 | D:5      | Found a shimmering altar of Xom.
  3331 | D:5      | Found a shimmering altar of Xom.
  3331 | D:5      | Found a shimmering altar of Xom.
  3340 | D:5      | HP: 1/32 [centaur (8)]
  3342 | D:5      | Found a shimmering altar of Xom.
  3342 | D:5      | Shot with an arrow by a centaur

Illustrated notes

Levels and vault maps discovered:
D:1:      dpeg_arrival_signposts, layout_basic
D:2:      minmay_skewed_foursquare, layout_loops_ring,
          nicolae_overflow_crystal_walls, kennysheep_boxes, uniq_natasha
D:3:      layout_basic
D:4:      layout_basic, kennysheep_little_box,
          minmay_temple_entry_enclosed_plants, serial_shops,
          nicolae_shop_window_shopping, chequers_serial_rivers_small_b
D:5:      layout_basic, nicolae_xom_altar_mimics, fiery_altar_vehumet

Skill      XL: |  1  2  3  4  5  6 |
---------------+-------------------+-----
Hexes          | 1 2 |  2.1
Short Blades   | 2 |  2.6
Conjurations   | 5 6 |  6.9
Dodging        | |  2.4
Stealth        | |  2.6
Spellcasting   | |  2.1

Action                   |  1- 3 |  4- 6 || total
-------------------------+-------+-------++-------
Melee: Unarmed           |     7 |       ||     7
       Short sword       |    17 |    50 ||    67
 Cast: Magic Dart        |     8 |       ||     8
       Searing Ray       |    12 |    18 ||    30
       Dazzling Flash    |       |     4 ||     4
  Use: Potion            |       |     5 ||     5
       Scroll            |       |     2 ||     2
 Stab: Sleeping          |     7 |     5 ||    12
       Invisible         |       |     1 ||     1
Armor: Robe              |     3 |    17 ||    20
Dodge: Dodged            |    36 |    84 ||   120

Table legend: (Time is in decaauts)
 A = Elapsed time spent in this place.
 B = Non-inter-level travel time spent in this place.
 C = Inter-level travel time spent in this place.
 D = Time resting spent in this place.
 E = Time spent auto-exploring this place.
 F = Levels seen in this place.
 G = Mean time per level.
                   A        B        C        D        E       F      G
               +--------+--------+--------+--------+--------+-----+--------+
         Total |   3343 |   3329 |     14 |    997 |   1622 |   5 |  668.6 |
       Dungeon |   3343 |   3329 |     14 |    997 |   1622 |   5 |  668.6 |
               +--------+--------+--------+--------+--------+-----+--------+

Top non-repeatable levels by time:
     D:2: 1530 daAuts
     D:1: 1011 daAuts
     D:3: 417 daAuts
     D:5: 350 daAuts
     D:4: 33 daAuts
